 Seeded DCSS version 0.31-a0-344-gd109795599 (webtiles) character file.

Game seed: 17575743383060721206 (custom seed)

12152 Gelion the Fighter (level 11, -5/123 HPs)
             Began as an Ogre Shapeshifter on July 21, 2023.
             Was an Initiate of Gozag.
             Shot with a bolt by an orc knight (16 damage)
             ... on level 2 of the Orcish Mines.
             The game lasted 00:24:26 (14408 turns).

Gelion the Fighter (Ogre Shapeshifter)             Turns: 14408, Time: 00:24:27

Health: -5/123     AC:  9    Str: 22    XL:     11   Next: 88%
Magic:  11/11      EV:  9    Int: 16    God:    Gozag
Gold:   2371       SH:  0    Dex: 10    Spells: 10/10 levels left

rFire   + .          .
                       - Unarmed
rCold   . . .        (no shield)
rNeg    + . .        e - +2 acid dragon scales of Jemu Fia {rCorr Int+3 SInv}
rPois   .            (helmet currently unavailable)
rElec   .            (cloak currently unavailable)
rCorr   +            (gloves unavailable)
SInv    +            (boots unavailable)
Will    ++...        (no amulet)
Stlth   +            m - ring of willpower
HPRegen 0.40/turn    n - ring of positive energy
MPRegen 0.12/turn

%: no passive effects
@: beast-form, gold aura
A: beast (slay +7), large, unfitting armour, tough skin 1, clever 1, fire
resistance 1
a: Begin Untransformation, Renounce Religion, Potion Petition, Call Merchant,
Bribe Branch


You were on level 2 of the Orcish Mines.
You worshipped Gozag.
Gozag was most pleased with you.
You were a hulking beast.
You visited 4 branches of the dungeon, and saw 14 of its levels.
You also visited: Ossuary.

You collected 2417 gold pieces.
You paid 46 gold pieces to Gozag.

Inventory:

Missiles
 t - 3 throwing nets
Armour
 e - the +2 acid dragon scales of Jemu Fia (worn) {rCorr Int+3 SInv}
   (You acquired it on level 2 of the Dungeon)

   Int:       It affects your intelligence (+3).
   SInv:      It lets you see invisible.
   rCorr:     It protects you from acid and corrosion.
Jewellery
 m - a ring of willpower (left hand)
 n - a ring of positive energy (right hand)
Talismans
 c - a beast talisman
 g - a storm talisman
Wands
 o - a wand of flame (7)
 p - a wand of charming (18)
 y - a wand of acid (3)
 z - a wand of mindburst (9)
 D - a wand of roots (4)
Scrolls
 b - a scroll of enchant armour
 f - 2 scrolls of fog
 i - a scroll of revelation
 r - a scroll of amnesia
 v - a scroll of teleportation
 w - 3 scrolls of immolation
 x - 2 scrolls of poison
Potions
 a - a potion of cancellation
 d - 3 potions of brilliance
 h - 7 potions of curing
 j - 2 potions of attraction
 l - 2 potions of enlightenment
 s - a potion of resistance
 B - a potion of ambrosia


   Skills:
 + Level 12.1 Fighting
 - Level 1.7 Dodging
 + Level 9.1 Unarmed Combat
 * Level 11.6 Shapeshifting


You had 10 spell levels left.
You didn't know any spells.
Your spell library contained the following spells:

 Spells                   Type           Power      Damage    Failure   Level
 Apportation              Tloc           0%         N/A       32%         1
 Necrotise                Necr           0%         1d4       32%         1
 Summon Small Mammal      Summ           0%         N/A       32%         1
 Dazzling Flash           Conj/Hex       0%         N/A       67%         3
 Volatile Blastmotes      Fire/Tloc      0%         2d10      67%         3
 Starburst                Conj/Fire      0%         6d3       100%        6
 Maxwell's Capacitive Co  Air            0%         ∞         100%        8


Dungeon Overview and Level Annotations

Branches:
Dungeon (10/15)            Temple (1/1) D:5            Lair (1/5) D:10
    Orc (2/2) D:9             Elf (0/3) Orc:2       Ossuary (visited)

Altars:
Ashenzari
Cheibriados
Dithmenos
Elyvilon
Fedhas
Gozag
Hepliaklqana
Kikubaaqudgha
Makhleb
Nemelex Xobeh
Okawaru
Qazlal
Ru
Sif Muna
Trog
Uskayaw
Vehumet
Wu Jian
Xom
Yredelemnul
Zin
The Shining One

Shops:
D:1 :[*(   D:8 *

Annotations:
D:8 1 runed translucent door, GiantSquids's ghost, novice OpSh
Lair:1 17 exclusions


Innate Abilities, Weirdness & Mutations

You are a hulking beast.
Your limbs bulge with bestial killing power. (Slay +7)
You are too large for most types of armour.
You have tough skin. (AC +1)
Your mind is acute. (Int +4, Str/Dex -1)
Your flesh is heat resistant. (rF+)


Message History

You miss the orc high priest.
The orc high priest is heavily wounded.
The orc high priest barely misses you.
You hit the orc high priest.
The orc high priest is severely wounded.
The neqoxec gestures at you.
Strange energies course through your body.
You feel the urge to shout.
The orc high priest hits you with a +0 long sword!
* * * LOW HITPOINT WARNING * * *
You punch the orc high priest!
The orc high priest is almost dead.
The neqoxec hits you!
* * * LOW HITPOINT WARNING * * *
The orc high priest hits you with a +0 long sword.
* * * LOW HITPOINT WARNING * * *
You barely miss the orc high priest.
The orc high priest is almost dead.
The neqoxec gestures at you.
Something tries to feed on your intellect!
The orc high priest invokes the aid of Beogh against you.
You resist with almost no effort.
You hit the orc high priest.
The orc high priest is almost dead.
The neqoxec hits you but does no damage.
The orc high priest barely misses you.
You punch the orc high priest!
You kill the orc high priest!
The neqoxec disappears in a puff of smoke!
You now have 2371 gold pieces (gained 8).
Things that are here:
a +0 long sword; a +0 leather armour It was a potion of mutation.
You feel extremely strange.
Your urge to shout disappears.
You feel clever.
You feel resistant to heat.
An orc knight comes into view. It is wielding a +0 battleaxe.
The orc knight shouts!
The orc knight unwields a +0 battleaxe.
The orc knight wields a +0 arbalest.
The orc knight shoots a bolt.
The bolt hits you!
You die...
Your body crumbles into a pile of gold.

#....#..####.[[[........##
##......o##..).........#.##
##......#.....$$._.......#
##......#................##
#...##.......[...[[[....####
##.................).....#.##
#.>.#..........[............#
##..#..............#...#.#.##
#.............h....#....####
#..................##..##
##.............<....####
#.....#..............#
#...............##..##
#....................###
##..........)........#.##
#....#.................#
##...##.#...........#..##


You could see an orc knight.

Vanquished Creatures
  An orc high priest (Orc:2)
  An orc knight (Orc:2)
  An elephant (D:10)
  A black mamba (Lair:1)
  A gargoyle (D:10)
  Psyche (D:8)
  2 komodo dragons (Lair:1)
  2 trolls
  3 blink frogs (Lair:1)
  2 shadows
  7 yaks
  A wyvern (D:10)
  6 wargs
  5 water moccasins
  An acid dragon (D:9)
  14 orc warriors
  2 black bears
  4 ogres
  2 centaurs
  2 phantoms (D:5)
  Blork the orc (D:5)
  A kobold brigand (D:8)
  2 bullfrogs
  A scorpion (D:7)
  16 wights
  5 killer bees (D:9)
  7 howler monkeys
  2 jellies
  6 hounds
  A human zombie (Ossuary)
  21 orc priests
  A gnoll bouda (D:6)
  3 iguanas
  18 orc wizards
  2 hound zombies (Ossuary)
  4 mummies (Ossuary)
  11 gnolls
  8 adders
  4 white imps
  An adder zombie (Ossuary)
  A worm (D:2)
  5 dart slugs
  50 orcs
  7 ball pythons
  6 endoplasms
  2 giant cockroaches
  A gnoll zombie (Ossuary)
  4 goblins
  9 hobgoblins
  10 jackals
  11 kobolds
  2 quokkas (D:1)
  2 bats (D:1)
  3 frilled lizards
  A hobgoblin zombie (Ossuary)
  2 jackal zombies (Ossuary)
  3 kobold zombies (Ossuary)
  9 rats
  A rat zombie (Ossuary)
303 creatures vanquished.

Notes
Turn   | Place    | Note
-------+----------+-------------------------------------------
     0 | D:1      | Gelion the Ogre Shapeshifter began the quest for the Orb.
     0 | D:1      | Reached XP level 1. HP: 19/19 MP: 1/1
   228 | D:1      | Reached XP level 2. HP: 28/28 MP: 2/2
   230 | D:1      | Found Douffopn's Book Shop.
   287 | D:1      | Found Xap Wib's Assorted Antiques.
   349 | D:1      | Reached skill level 2 in Fighting
   423 | D:1      | Found Cydghuosh's Weapon Shoppe.
   502 | D:1      | Found Rebama's Armour Boutique.
   504 | D:1      | Reached XP level 3. HP: 34/35 MP: 3/3
  1095 | D:2      | Found a faded altar of an unknown god.
  1128 | D:2      | Reached XP level 4. HP: 11/44 MP: 4/4
  1559 | D:2      | Identified a scroll of acquirement
  1559 | D:2      | Acquired the +2 acid dragon scales of Jemu Fia {rCorr Int+3
                  | SInv}
  1660 | D:3      | Reached skill level 3 in Fighting
  1673 | D:3      | Reached XP level 5. HP: 49/53 MP: 5/5
  2076 | D:3      | Identified the +3 spear "Fediess" {antimagic, rF+ SInv}
  2633 | D:4      | Reached XP level 6. HP: 50/62 MP: 6/6
  2865 | D:4      | Reached skill level 4 in Fighting
  2873 | D:4      | Found a glowing golden altar of the Shining One.
  3167 | D:4      | Found a large runed translucent door.
  3168 | D:4      | Found a large runed translucent door.
  3199 | D:4      | Found an ornate altar of the Wu Jian Council.
  3202 | D:4      | Found an opulent altar of Gozag.
  3205 | D:4      | Became a worshipper of Gozag Ym Sagoz the Greedy
  3249 | D:5      | Entered Level 5 of the Dungeon
  3336 | D:5      | Found a staircase to the Ecumenical Temple.
  3337 | D:5      | Noticed a water moccasin
  3341 | D:5      | Noticed Blork the orc
  3351 | D:5      | Killed a water moccasin
  3352 | D:5      | Reached skill level 5 in Shapeshifting
  3352 | D:5      | Reached XP level 7. HP: 71/71 MP: 7/7
  3356 | D:5      | Killed Blork the orc
  3557 | D:5      | Reached skill level 5 in Fighting
  3997 | D:5      | Found a sacrificial altar of Ru.
  3998 | D:5      | Found a shimmering blue altar of Sif Muna.
  4000 | D:5      | Found a snail-covered altar of Cheibriados.
  4000 | D:5      | Found a blossoming altar of Fedhas.
  4094 | D:5      | Found a hazy altar of Hepliaklqana.
  4140 | D:5      | Reached XP level 8. HP: 65/83 MP: 8/8
  4687 | Temple   | Entered the Ecumenical Temple
  4706 | D:5      | Reached skill level 6 in Fighting
  4723 | D:6      | Reached skill level 5 in Unarmed Combat
  4770 | D:6      | Found a sand-covered staircase.
  4814 | Ossuary  | Entered an ossuary
  5503 | D:6      | Reached skill level 7 in Fighting
  5526 | D:6      | Reached XP level 9. HP: 46/93 MP: 9/9
  7348 | D:7      | Reached skill level 8 in Fighting
  7450 | D:8      | Noticed GiantSquids's ghost (novice OpSh)
  7451 | D:8      | Found a runed translucent door.
  7528 | D:8      | Found Zin's Purification Station.
  7534 | D:8      | Found a glowing silver altar of Zin.
  7754 | D:8      | Found a hide-covered altar of Uskayaw.
  8292 | D:9      | Noticed a troll
  8292 | D:9      | Noticed Psyche
  8321 | D:8      | Killed a troll
  8331 | D:8      | Killed Psyche
  8338 | D:9      | Reached skill level 9 in Fighting
  8338 | D:9      | Reached XP level 10. HP: 101/107 MP: 10/10
  8426 | D:9      | Found a staircase to the Orcish Mines.
  9419 | D:9      | Reached skill level 10 in Fighting
  9916 | D:10     | Entered Level 10 of the Dungeon
 10056 | D:10     | Noticed a gargoyle
 10388 | D:10     | Reached skill level 10 in Shapeshifting
 10874 | D:10     | Found a staircase to the Lair.
 11034 | D:10     | Killed a gargoyle
 11035 | D:10     | Reached XP level 11. HP: 76/119 MP: 11/11
 11514 | Lair:1   | Entered Level 1 of the Lair of Beasts
 11527 | Lair:1   | Reached skill level 11 in Fighting
 12303 | Lair:1   | Found a glowing golden altar of the Shining One.
 12718 | Orc:1    | Entered Level 1 of the Orcish Mines
 12844 | Orc:2    | Entered Level 2 of the Orcish Mines
 12994 | Orc:2    | Found a staircase to the Elven Halls.
 13481 | Orc:2    | Noticed an orc high priest
 13482 | Orc:2    | Noticed an orc high priest
 13772 | Orc:2    | HP: 5/123 [orc/+0 mace (7)]
 14005 | Orc:2    | Noticed an orc knight
 14024 | Orc:2    | Killed an orc knight
 14170 | Orc:2    | Noticed an orc sorcerer
 14322 | Orc:2    | Reached skill level 12 in Fighting
 14376 | Orc:2    | Noticed an orc high priest
 14397 | Orc:2    | Gained mutation: You occasionally shout uncontrollably at
                  | your foes. [a neqoxec]
 14401 | Orc:2    | Killed an orc high priest
 14405 | Orc:2    | Lost mutation: You occasionally shout uncontrollably at
                  | your foes. [potion of mutation]
 14405 | Orc:2    | Gained mutation: Your mind is acute. (Int +4, Str/Dex -1)
                  | [potion of mutation]
 14405 | Orc:2    | Gained mutation: Your flesh is heat resistant. (rF+)
                  | [potion of mutation]
 14408 | Orc:2    | Noticed an orc knight
 14408 | Orc:2    | Shot with a bolt by an orc knight

Illustrated notes

Levels and vault maps discovered:
D:1:      dpeg_arrival_erosion, layout_loops_ring, serial_shops, shop, shop,
          nicolae_shop_rolling_square, nicolae_square_shop
D:2:      layout_basic, hellmonk_ecumenical_altar_lost_god
D:3:      layout_basic
D:4:      layout_loops_corners, mainiacjoe_overflow_chevrons,
          jmf_multi_god_temple2
D:5:      layout_basic, nzn_hepliaklqana_mist_gate,
          mainiacjoe_overflow_alcove_3, minmay_temple_entry_statues_pillars,
          uniq_blork_the_orc
D:6:      layout_loops_ring, nicolae_ossuary_entry_false_entrances
D:7:      layout_loops_ring
D:8:      black_bear_nest_2, layout_basic, zin_purify,
          mainiacjoe_overflow_boulevard, hellmonk_ghost_happy_afterlife,
          hangedman_decor_opposing
D:9:      layout_loops_cross, orc_david_3, uniq_psyche
D:10:     layout_grid_maze, erik_lair_orcish_takeover
Temple:   nicolae_temple_no_exploring_needed
Lair:1:   layout_hall_layers, nicolae_quartered_pool_impasse,
          lemuel_centaur_altar, grunt_megastairs_5
Orc:1:    layout_caves, uniq_erica
Orc:2:    st_orc_congregation, layout_caves, mines2_david

Skill      XL: |  1  2  3  4  5  6  7  8  9 10 11 |
---------------+----------------------------------+-----
Fighting       | 2 3 4 5 7 9 10 12 | 12.1
Unarmed Combat | 3 4 5 6 8 9 |  9.1
Shapeshifting  | 4 5 6 7 8 10 11 | 11.6
Dodging        | |  1.7

Action                     |  1- 3 |  4- 6 |  7- 9 | 10-12 || total
---------------------------+-------+-------+-------+-------++-------
  Melee: Unarmed           |    99 |   168 |   354 |   467 ||  1088
         Punch             |     1 |     5 |    10 |    24 ||    40
  Evoke: Wand              |       |       |     6 |     1 ||     7
    Use: Scroll            |       |     9 |     9 |     7 ||    25
         Potion            |       |     7 |       |     7 ||    14
   Stab: Confused          |       |       |     1 |       ||     1
         Distracted        |       |       |       |     1 ||     1
 Armour: Animal skin       |    29 |     9 |       |       ||    38
         Acid dragon scale |       |    58 |   153 |   151 ||   362
         Skin              |       |     9 |     8 |       ||    17
  Dodge: Dodged            |    49 |    81 |   199 |   186 ||   515
   Form: Storm             |       |       |     1 |       ||     1
         Beast             |       |       |     1 |       ||     1

Table legend: (Time is in decaauts)
 A = Elapsed time spent in this place.
 B = Non-inter-level travel time spent in this place.
 C = Inter-level travel time spent in this place.
 D = Time resting spent in this place.
 E = Time spent auto-exploring this place.
 F = Levels seen in this place.
 G = Mean time per level.
                   A        B        C        D        E       F      G
               +--------+--------+--------+--------+--------+-----+--------+
         Total |  14267 |  13740 |    527 |    590 |  10866 |  15 |  951.1 |
       Dungeon |  11415 |  10911 |    504 |    391 |   8889 |  10 | 1141.5 |
        Temple |      1 |      0 |      1 |      0 |      0 |   1 |    1.0 |
          Lair |    886 |    877 |      9 |      0 |    734 |   1 |  886.0 |
  Orcish Mines |   1636 |   1625 |     11 |    199 |   1006 |   2 |  818.0 |
       Ossuary |    328 |    328 |      0 |      0 |    237 |   1 |  328.0 |
               +--------+--------+--------+--------+--------+-----+--------+

Top non-repeatable levels by time:
    D:10: 1872 daAuts
     D:9: 1561 daAuts
   Orc:2: 1511 daAuts
     D:6: 1461 daAuts
     D:5: 1458 daAuts
     D:4: 1018 daAuts
     D:8: 952 daAuts
     D:1: 898 daAuts
  Lair:1: 886 daAuts
     D:7: 877 daAuts
     D:2: 705 daAuts
     D:3: 609 daAuts
 Ossuary: 328 daAuts
   Orc:1: 124 daAuts
  Temple: 1 daAuts
